Workbook
Name _Toc199730894: 'Formato 1'!#REF!
Name _Toc199730894: 'Formato 2'!#REF!
Name _Toc199730894: 'Formato 3'!#REF!
Name _Toc199730894: 'Formato 4'!#REF!
Name _Toc199730894: 'Formato 5'!#REF!

Sheet PROPONENTE
A1: FORMATOS A DILIGENCIAR PARA UN PROCESO DE SELECCIÓN DE CONTRATISTA
A3: Entidad | B3: AEROPUERTO INTERNACIONAL MATECAÑA DE PEREIRA
B4: ="PROCESO DE SELECCIÓN N° "&B5&" - "&B6 -> PROCESO DE SELECCIÓN N° DT-MC-055-2026 - SELECCIÓN MINIMA CUANTIA
A5: Proceso de Selección N° | B5: DT-MC-055-2026
A6: Modalidad | B6: SELECCIÓN MINIMA CUANTIA
A7: Clasificación objeto (SECOP) | B7: PRESTACION DE SERVICIOS
A8: Objeto | B8: MANTENIMIENTO DE ZONAS VERDES Y ESPECIES ARBOREAS, ROCERÍA Y LIMPIEZA, DEL LOTE DEL ILS Y ÁREA NO CONCESIONADA DEL AEROPUERTO INTERNACIONAL MATECAÑA
A12: Tipo de Contrato | B12: PRESTACION DE SERVICIOS
A13: PROPONENTE: | B13: -
B15: (Escriba en la casilla sombreada con amarillo el nombre completo o razón social completa del proponente)
A18: Formato | B18: Descripción | C18: Presentación
A19: 1 | B19: Carta de presentación de propuesta | C19: Obligatoria
A20: 2 | B20: Conformación de Unión Temporal | C20: Obligatoria si el proponente es Unión Temporal
A21: 3 | B21: Conformación de Consorcio | C21: Obligatoria si el proponente es Consorcio
A22: 4 | B22: Pacto anticorrupción | C22: Obligatoria
A23: 5 | B23: Experiencia Específica del Proponente | C23: Obligatoria
A24: 6 | B24: Propuesta Económica | C24: Obligatoria
A25: 7 | B25: Servicios | C25: Obligatoria

Sheet Formato 1
A1: =PROPONENTE!B3 -> AEROPUERTO INTERNACIONAL MATECAÑA DE PEREIRA
A2: =PROPONENTE!B4 -> PROCESO DE SELECCIÓN N° DT-MC-055-2026 - SELECCIÓN MINIMA CUANTIA
A3: MANTENIMIENTO DE ZONAS VERDES Y ESPECIES ARBOREAS, ROCERÍA Y LIMPIEZA, DEL LOTE DEL ILS Y ÁREA NO CONCESIONADA DEL AEROPUERTO INTERNACIONAL MATECAÑA
A5: FORMATO 1 - CARTA DE PRESENTACIÓN DE LA PROPUESTA
A7: PROPONENTE | B7: =PROPONENTE!B13 -> -
A9: Ciudad y fecha:
A11: Señores
A12: AEROPUERTO INTERNACIONAL MATECAÑA DE PEREIRA
A14: MANTENIMIENTO DE ZONAS VERDES Y ESPECIES ARBOREAS, ROCERÍA Y LIMPIEZA, DEL LOTE DEL ILS Y ÁREA NO CONCESIONADA DEL AEROPUERTO INTERNACIONAL MATECAÑA
A20: INFORMACIÓN DEL PROCESO DE CONTRATACIÓN
A21: Entidad Contratante | B21: =PROPONENTE!B3 -> AEROPUERTO INTERNACIONAL MATECAÑA DE PEREIRA
A22: Proceso de Contratación Nº | B22: =PROPONENTE!B5 -> DT-MC-055-2026
A23: Tipo de Proceso de Selección | B23: =PROPONENTE!B6 -> SELECCIÓN MINIMA CUANTIA
A24: Clasificación del Objeto (SECOP) | B24: =PROPONENTE!B7 -> PRESTACION DE SERVICIOS
A25: Objeto | B25: MANTENIMIENTO DE ZONAS VERDES, ROCERÍA Y LIMPIEZA, DEL LOTE DEL ILS Y ÁREA NO CONCESIONADA DEL AEROPUERTO INTERNACIONAL MATECAÑA
A28: Tipo de Contrato | B28: =+PROPONENTE!B12 -> PRESTACION DE SERVICIOS
A30: INFORMACIÓN DEL PROPONENTE Y DATOS PARA COMUNICACIONES
A31: Nombre completo del Proponente
A33: Cédula de Ciudadanía ó NIT
A34: Nombre Representante Legal (RL)
A35: Cédula de Ciudadanía ó NIT del RL
A36: Dirección
A37: Teléfonos | B37: Fijo | D37: Celular | F37: Fax
A38: Ciudad
A39: Buzón de correo electrónico (Email)
A41: INFORMACIÓN DE LA PROPUESTA
A42: Total de adendas conocidas por el proponente
A43: Número de folios de que consta la propuesta
A44: La propuesta contiene folios con reserva legal (si/no)
A45: Plazo propuesto (meses)
A47: Declaro BAJO LA GRAVEDAD DE JURAMENTO, sujeto a las sanciones establecidas en el Artículo 442 del Código Penal (Ley 599 de 2000) y demás contenidas en la Ley 80 de 1993, la Ley 1150 de 2007 y demás normas concordantes:
A49: 1) Que conozco las especificaciones y demás documentos del presente proceso de contratación y acepto todos los requisitos en ellos contemplados.
A50: 2) Que ninguna persona o entidad distinta de las aquí nombradas tiene intereses en esta propuesta, ni en el contrato que, como consecuencia de ella, llegue a celebrarse y que, por consiguiente, sólo compromete a los firmantes.
A51: 3) Que en caso de no haber asistido a la audiencia de aclaraciones programada, asumo la responsabilidad en cuanto a las características y condiciones que puedan afectar la ejecución del contrato.
A52: 4) Que conozco las disposiciones legales que rigen el presente proceso de contratación.
... A63: FIRMA DEL PROPONENTE O SU REPRESENTANTE LEGAL

Sheet Formato 2
A1: AEROPUERTO INTERNACIONAL MATECAÑA
A2: =PROPONENTE!B4 -> PROCESO DE SELECCIÓN N° DT-MC-055-2026 - SELECCIÓN MINIMA CUANTIA
A3: =PROPONENTE!B8 -> MANTENIMIENTO DE ZONAS VERDES Y ESPECIES ARBOREAS, ROCERÍA Y LIMPIEZA, DEL LOTE DEL ILS Y ÁREA NO CONCESIONADA DEL AEROPUERTO INTERNACIONAL MATECAÑA
A5: FORMATO 2 - DOCUMENTO DE CONFORMACIÓN DE UNIÓN TEMPORAL
A7: PROPONENTE | B7: =PROPONENTE!B13 -> -
A9: Ciudad y fecha:
A11: Señores
A12: AEROPUERTO INTERNACIONAL MATECAÑA DE PEREIRA
B14: MANTENIMIENTO DE ZONAS VERDES Y ESPECIES ARBOREAS, ROCERÍA Y LIMPIEZA, DEL LOTE DEL ILS Y ÁREA NO CONCESIONADA DEL AEROPUERTO INTERNACIONAL MATECAÑA
A21: INFORMACIÓN DEL PROCESO DE CONTRATACIÓN
A22: Entidad Contratante | B22: AEROPUERTO INTERNACIONAL MATECAÑA DE PEREIRA
A23: Proceso de Contratación Nº | B23: ='Formato 1'!B22 -> DT-MC-055-2026
A24: Tipo de Proceso de Selección | B24: ='Formato 1'!B23 -> SELECCIÓN MINIMA CUANTIA
A25: Clasificación del Objeto (SECOP) | B25: ='Formato 1'!B24 -> PRESTACION DE SERVICIOS
A26: Objeto | B26: MANTENIMIENTO DE ZONAS VERDES, ROCERÍA Y LIMPIEZA, DEL LOTE DEL ILS Y ÁREA NO CONCESIONADA DEL AEROPUERTO INTERNACIONAL MATECAÑA
A29: Tipo de Contrato | B29: ='Formato 1'!B28 -> PRESTACION DE SERVICIOS
A31: INFORMACIÓN DE LA UNIÓN TEMPORAL Y DATOS PARA COMUNICACIONES
A32: Razón Social de la Unión Temporal
A34: Cédula de Ciudadanía ó NIT
A35: Representante Legal (RL)
A36: Cédula de Ciudadanía ó NIT del RL
A37: Representante Legal Suplente (RLS)
A38: Cédula de Ciudadanía ó NIT del RLS
A39: Número de Integrantes
A40: Dirección
A41: Teléfonos | B41: Fijo | D41: Celular | F41: Fax
A42: Ciudad
A43: Buzón de correo electrónico (Email)
A45: INFORMACIÓN DEL INTEGRANTE Nº 1 Y DATOS PARA COMUNICACIONES
A46: Nombre completo del Integrante
A48: Cédula de Ciudadanía ó NIT
A49: Representante Legal (RL)
A50: Cédula de Ciudadanía ó NIT del RL
A51: Dirección
A52: Teléfonos | B52: Fijo | D52: Celular | F52: Fax
A53: Ciudad
A54: Buzón de correo electrónico (Email)
A56: INFORMACIÓN DEL INTEGRANTE Nº 2 Y DATOS PARA COMUNICACIONES
A57: Nombre completo del Integrante
A59: Cédula de Ciudadanía ó NIT
A60: Representante Legal (RL)
A61: Cédula de Ciudadanía ó NIT del RL
A62: Dirección
A63: Teléfonos | B63: Fijo | D63: Celular | F63: Fax
A64: Ciudad
A65: Buzón de correo electrónico (Email)
A67: PORCENTAJE DE PARTICIPACIÓN Y ACEPTACIÓN DE LOS INTEGRANTES
A68: INTEGRANTES | E68: % PARTICIPACIÓN | F68: FIRMAS DE ACEPTACIÓN
A69: =B46 -> 0 | E69: 0.5
A70: =B57 -> 0 | E70: =100%-E69 -> 0.5
A72: La UNIÓN TEMPORAL se regirá por las siguientes cláusulas:
A73: PRIMERA: OBJETO Y ALCANCE: El objeto del presente documento es la integración de la UNIÓN TEMPORAL citada anteriormente, con el propósito de complementar las capacidades técnicas, operativas, administrativas y financieras de los integrantes que constituyen la presente Unión Temporal para la presentación de la propuesta, adjudicación, celebración y ejecución del contrato con el Aeropuerto Internacional Matecaña, resultante del Proceso de Contratación descrito en el cuadro denominado "INFORMACIÓN DEL PROCESO DE CONTRATACIÓN". La UNIÓN TEMPORAL se compromete en caso de adjudicación a la realización a cabalidad de los trabajos objeto del contrato dentro de las normas exigidas por la Entidad y en general al cumplimiento de las obligaciones que se deriven de su ejecución. Las partes se encargarán de elaborar la Propuesta Técnica y Económica, suministrarán el mutuo apoyo técnico, logístico y administrativo que se requiera para dicha presentación.
A74: SEGUNDA: TÉRMINOS Y EXTENSIÓN DE LA PARTICIPACIÓN DE ACUERDO CON LA LEY: La participación de cada una de las partes que conforman el cien por ciento (100%), de la UNIÓN TEMPORAL no podrán ser modificados sin el consentimiento previo del Aeropuerto Internacional Matecaña, y están distribuidos según se ha indicado en el cuadro denominado "PORCENTAJE DE PARTICIPACIÓN Y ACEPTACIÓN DE LOS INTEGRANTES".
A75: TERCERA: DURACIÓN: La duración de la UNIÓN TEMPORAL en caso de salir favorecida con la adjudicación será igual al tiempo comprendido entre el cierre de la Convocatoria Pública, la liquidación del contrato y un (1) año más. En todo caso la UNIÓN TEMPORAL durará todo el término necesario para atender las garantías prestadas.
A76: CUARTA: CESIÓN: Debe tenerse en cuenta que no podrá haber cesión de la participación de los integrantes de la Unión Temporal entre ellos. Cuando se trate de cesión a un tercero se requerirá aprobación escrita del Aeropuerto Internacional Matecaña. En caso de aceptarse la cesión por parte de la Entidad el cesionario deberá tener las mismas o mejores calidades que el cedente.
A77: QUINTA: REPRESENTANTE LEGAL DE LA UNIÓN TEMPORAL: La Unión Temporal designa como Representante Legal y Representante Legal Suplente de ésta a las personas indicadas en el cuadro denominado "INFORMACIÓN DE LA UNIÓN TEMPORAL Y DATOS PARA COMUNICACIONES", quienes están facultados para contratar, comprometer, negociar, y representar a la Unión Temporal. El Representante Legal Suplente solo podrá ejercer tal condición ante la ausencia comprobada del Representante Legal.
A79: SEXTA: DOCUMENTOS ANEXOS: Cuando alguno de los integrantes sea una persona jurídica, se adjunta al presente documento copia vigente del Certificado de Existencia y Representación Legal del respectivo integrante otorgado por la Cámara de Comercio de su jurisdicción, donde conste la autorización al Representante Legal para la suscripción de ésta Unión Temporal; caso contrario, se adjunta la respectiva autorización expedida por la Junta de Socios.
A80: SÉPTIMA: CLÁUSULAS OPCIONALES: El documento podrá contener las cláusulas opcionales que los asociados consideren pertinentes, siempre y cuando no contravengan lo dispuesto en la Ley 80 de 1993, para lo cual utilizarán documento anexo.
A81: ____________________________________________________
A82: FIRMA DEL REPRESENTANTE LEGAL DE LA UNIÓN TEMPORAL

Sheet Formato 3
A1: =PROPONENTE!B3 -> AEROPUERTO INTERNACIONAL MATECAÑA DE PEREIRA
A2: =PROPONENTE!B4 -> PROCESO DE SELECCIÓN N° DT-MC-055-2026 - SELECCIÓN MINIMA CUANTIA
A3: =PROPONENTE!B8 -> MANTENIMIENTO DE ZONAS VERDES Y ESPECIES ARBOREAS, ROCERÍA Y LIMPIEZA, DEL LOTE DEL ILS Y ÁREA NO CONCESIONADA DEL AEROPUERTO INTERNACIONAL MATECAÑA
A5: FORMATO 3 - DOCUMENTO DE CONFORMACIÓN DE CONSORCIO
A7: PROPONENTE | B7: =PROPONENTE!B13 -> -
A9: Ciudad y fecha:
A11: Señores
A12: AEROPUERTO INTERNACIONAL MATECAÑA DE PEREIRA
A23: INFORMACIÓN DEL PROCESO DE CONTRATACIÓN
A24: Entidad Contratante | B24: AEROPUERTO INTERNACIONAL MATECAÑA DE PEREIRA
A25: Proceso de Contratación Nº | B25: ='Formato 1'!B22 -> DT-MC-055-2026
A26: Tipo de Proceso de Selección | B26: ='Formato 1'!B23 -> SELECCIÓN MINIMA CUANTIA
A27: Clasificación del Objeto (SECOP) | B27: ='Formato 1'!B24 -> PRESTACION DE SERVICIOS
A28: Objeto | B28: ='Formato 1'!B25 -> MANTENIMIENTO DE ZONAS VERDES, ROCERÍA Y LIMPIEZA, DEL LOTE DEL ILS Y ÁREA NO CONCESIONADA DEL AEROPUERTO INTERNACIONAL MATECAÑA
A31: Tipo de Contrato | B31: ='Formato 1'!B28 -> PRESTACION DE SERVICIOS
A33: INFORMACIÓN DEL CONSORCIO Y DATOS PARA COMUNICACIONES
A34: Razón Social del Consorcio
A36: Cédula de Ciudadanía ó NIT
A37: Representante Legal (RL)
A38: Cédula de Ciudadanía ó NIT del RL
A39: Representante Legal Suplente (RLS)
A40: Cédula de Ciudadanía ó NIT del RLS
A41: Número de Integrantes
A42: Dirección
A43: Teléfonos | B43: Fijo | D43: Celular | F43: Fax
A44: Ciudad
A45: Buzón de correo electrónico (Email)
A47: INFORMACIÓN DEL INTEGRANTE Nº 1 Y DATOS PARA COMUNICACIONES
A48: Nombre completo del Integrante
A50: Cédula de Ciudadanía ó NIT
A51: Representante Legal (RL)
A52: Cédula de Ciudadanía ó NIT del RL
A53: Dirección
A54: Teléfonos | B54: Fijo | D54: Celular | F54: Fax
A55: Ciudad
A56: Buzón de correo electrónico (Email)
A58: INFORMACIÓN DEL INTEGRANTE Nº 2 Y DATOS PARA COMUNICACIONES
A59: Nombre completo del Integrante
A61: Cédula de Ciudadanía ó NIT
A62: Representante Legal (RL)
A63: Cédula de Ciudadanía ó NIT del RL
A64: Dirección
A65: Teléfonos | B65: Fijo | D65: Celular | F65: Fax
A66: Ciudad
A67: Buzón de correo electrónico (Email)
A69: PORCENTAJE DE PARTICIPACIÓN Y ACEPTACIÓN DE LOS INTEGRANTES
A70: INTEGRANTES | E70: % PARTICIPACIÓN | F70: FIRMAS DE ACEPTACIÓN
A71: =B48 -> 0 | E71: 0.5
A72: =B59 -> 0 | E72: =100%-E71 -> 0.5

Sheet Formato 4
A1: =PROPONENTE!B3 -> AEROPUERTO INTERNACIONAL MATECAÑA DE PEREIRA
A2: =PROPONENTE!B4 -> PROCESO DE SELECCIÓN N° DT-MC-055-2026 - SELECCIÓN MINIMA CUANTIA
A3: =PROPONENTE!B8 -> MANTENIMIENTO DE ZONAS VERDES Y ESPECIES ARBOREAS, ROCERÍA Y LIMPIEZA, DEL LOTE DEL ILS Y ÁREA NO CONCESIONADA DEL AEROPUERTO INTERNACIONAL MATECAÑA
A5: FORMATO 4 - PACTO ANTICORRUPCIÓN
A7: PROPONENTE | B7: =PROPONENTE!B13 -> -
A9: Ciudad y fecha:
A11: Señores
A12: AEROPUERTO INTERNACIONAL MATECAÑA DE PEREIRA
A22: INFORMACIÓN DEL PROCESO DE CONTRATACIÓN
A23: Entidad Contratante | B23: AEROPUERTO INTERNACIONAL MATECAÑA DE PEREIRA
A24: Proceso de Contratación Nº | B24: ='Formato 1'!B22 -> DT-MC-055-2026
A25: Tipo de Proceso de Selección | B25: ='Formato 1'!B23 -> SELECCIÓN MINIMA CUANTIA
A26: Clasificación del Objeto (SECOP) | B26: ='Formato 1'!B24 -> PRESTACION DE SERVICIOS
A27: Objeto | B27: ='Formato 1'!B25 -> MANTENIMIENTO DE ZONAS VERDES, ROCERÍA Y LIMPIEZA, DEL LOTE DEL ILS Y ÁREA NO CONCESIONADA DEL AEROPUERTO INTERNACIONAL MATECAÑA
A30: Tipo de Contrato | B30: ='Formato 1'!B28 -> PRESTACION DE SERVICIOS
A32: INFORMACIÓN DEL PROPONENTE Y DATOS PARA COMUNICACIONES
A33: Nombre completo del Proponente
A35: Cédula de Ciudadanía ó NIT
A36: Nombre Representante Legal (RL)
A37: Cédula de Ciudadanía ó NIT del RL
A38: Dirección
A39: Teléfonos | B39: Fijo | D39: Celular | F39: Fax
A40: Ciudad
A41: Buzón de correo electrónico (Email)

Sheet Formato 5
A1: =PROPONENTE!B3 -> AEROPUERTO INTERNACIONAL MATECAÑA DE PEREIRA
A2: =PROPONENTE!B4 -> PROCESO DE SELECCIÓN N° DT-MC-055-2026 - SELECCIÓN MINIMA CUANTIA
A3: MANTENIMIENTO DE ZONAS VERDES Y ESPECIES ARBOREAS, ROCERÍA Y LIMPIEZA, DEL LOTE DEL ILS Y ÁREA NO CONCESIONADA DEL AEROPUERTO INTERNACIONAL MATECAÑA
A5: FORMATO Nº 5 - EXPERIENCIA ESPECÍFICA DEL PROPONENTE
A7: PROPONENTE | B7: =PROPONENTE!B13 -> - | C7: OBJETO DEL CONTRATO
A9: Ciudad y fecha:
A11: CONTRATO | B11: ENTIDAD | D11: PARTICIPACION (Individual - Consorcio - Unión Temporal) | E11: % PARTICIPACIÓN | F11: VALOR EN $ | G11: AÑO DE FIRMA DEL CONTRATO
E13: 0 | F13: 0
E14: 0 | F14: 0
E15: 0 | F15: 0
E16: 0 | F16: 0
E17: 0 | F17: 0
E18: 0 | F18: 0
A19: VALOR TOTAL CONTRATOS ACREDITADOS
A21: En caso de diferencia entre la información relacionada en este formato y las certificaciones y/o actas de recibo de trabajos prevalecerá la información contenida en estas últimas.
A28: FIRMA DEL PROPONENTE O SU REPRESENTANTE LEGAL

Sheet Formato 6
A1: =PROPONENTE!B3 -> AEROPUERTO INTERNACIONAL MATECAÑA DE PEREIRA
A2: =PROPONENTE!B4 -> PROCESO DE SELECCIÓN N° DT-MC-055-2026 - SELECCIÓN MINIMA CUANTIA
A3: =+PROPONENTE!B8 -> MANTENIMIENTO DE ZONAS VERDES Y ESPECIES ARBOREAS, ROCERÍA Y LIMPIEZA, DEL LOTE DEL ILS Y ÁREA NO CONCESIONADA DEL AEROPUERTO INTERNACIONAL MATECAÑA
A4: FORMATO Nº 6- PROPUESTA ECONOMICA
A7: PROPONENTE
A8: Ciudad y fecha:
A10: Ítem Nº | B10: Descripción | C10: Unidad | D10: Cantidad | E10: Costo Directo | F10: Valor total
A11: Ítem Nº | B11: Descripción | C11: Unidad | D11: Cantidad | E11: Costo Directo | F11: Valor total
A12: ETAPA FIRMA ACTA DE INICIO
A13: 1 | B13: Rocería en terreno ondulado y semiondulado con recogida (incluye: corte, recolección, cargue, transporte interno y hasta relleno sanitario autorizado por la autoridad ambiental, control de malezas con fumigación) | C13: m2 | D13: 5200 | F13: =D13*E13 -> 0
A14: 2 | B14: Corte material vegetal en taludes con recogida (incluye: corte, recolección, cargue, transporte interno y hasta relleno sanitario autorizado por la autoridad ambiental, control de malezas con fumigación) | C14: m2 | D14: 1660 | F14: =D14*E14 -> 0
A15: 3 | B15: Limpieza canales en concreto | C15: ml | D15: 85 | F15: =D15*E15 -> 0
A16: 4 | B16: Recolección, cargue, transporte interno y hasta relleno sanitario autorizado por la autoridad ambiental | C16: m3 | D16: 7 | F16: =D16*E16 -> 0
A17: 5 | B17: Desmonte de rastrojo en cerramiento y serpentina (incluye control de malezas con fumigación) | C17: m2 | D17: 920 | F17: =D17*E17 -> 0
A18: 6 | B18: Mantenimiento especies arbóreas con su respectivo informe radicado en la CARDER (plateo, aplicación de fertilizante, control de hormiga arriera, tutor para el árbol) | C18: Und | D18: 200 | F18: =D18*E18 -> 0
B19: SUBTOTAL | F19: =SUM(F13:F18) -> 0
A20: ETAPA EN JULIO
A21: 1 | B21: Rocería en terreno ondulado y semiondulado con recogida (incluye: corte, recolección, cargue, transporte interno y hasta relleno sanitario autorizado por la autoridad ambiental, control de malezas con fumigación) | C21: m2 | D21: 5200 | F21: =D21*E21 -> 0
A22: 2 | B22: Corte material vegetal en taludes con recogida (incluye: corte, recolección, cargue, transporte interno y hasta relleno sanitario autorizado por la autoridad ambiental, control de malezas con fumigación) | C22: m2 | D22: 1660 | F22: =D22*E22 -> 0
A23: 3 | B23: Limpieza canales en concreto | C23: ml | D23: 85 | F23: =D23*E23 -> 0
A24: 4 | B24: Recolección, cargue, transporte interno y hasta relleno sanitario autorizado por la autoridad ambiental | C24: m3 | D24: 7 | F24: =D24*E24 -> 0
A25: 5 | B25: Desmonte de rastrojo en cerramiento y serpentina (incluye control de malezas con fumigación) | C25: m2 | D25: 920 | F25: =D25*E25 -> 0
A26: 6 | B26: Mantenimiento especies arbóreas con su respectivo informe radicado en la CARDER (plateo, aplicación de fertilizante, control de hormiga arriera, tutor para el árbol) | C26: Und | D26: 200 | F26: =D26*E26 -> 0
B27: SUBTOTAL | F27: =SUM(F21:F26) -> 0
A28: ETAPA EN SEPTIEMBRE
A29: 6 | B29: Mantenimiento especies arbóreas con su respectivo informe radicado en la CARDER (plateo, aplicación de fertilizante, control de hormiga arriera, tutor para el árbol) | C29: Und | D29: 200 | F29: =D29*E29 -> 0
B30: SUBTOTAL | F30: =SUM(F29:F29) -> 0
A31: ETAPA EN DICIEMBRE
A32: 1 | B32: Rocería en terreno ondulado y semiondulado con recogida (incluye: corte, recolección, cargue, transporte interno y hasta relleno sanitario autorizado por la autoridad ambiental, control de malezas con fumigación) | C32: m2 | D32: 5200 | F32: =D32*E32 -> 0
A33: 2 | B33: Corte material vegetal en taludes con recogida (incluye: corte, recolección, cargue, transporte interno y hasta relleno sanitario autorizado por la autoridad ambiental, control de malezas con fumigación) | C33: m2 | D33: 1660 | F33: =D33*E33 -> 0
A34: 3 | B34: Limpieza canales en concreto | C34: ml | D34: 85 | F34: =D34*E34 -> 0
A35: 4 | B35: Recolección, cargue, transporte interno y hasta relleno sanitario autorizado por la autoridad ambiental | C35: m3 | D35: 7 | F35: =D35*E35 -> 0
A36: 5 | B36: Desmonte de rastrojo en cerramiento y serpentina (incluye control de malezas con fumigación) | C36: m2 | D36: 920 | F36: =D36*E36 -> 0
A37: 6 | B37: Mantenimiento especies arbóreas con su respectivo informe radicado en la CARDER (plateo, aplicación de fertilizante, control de hormiga arriera, tutor para el árbol) | C37: Und | D37: 200 | F37: =D37*E37 -> 0
B38: SUBTOTAL | F38: =SUM(F32:F37) -> 0
B39: COSTOS DIRECTOS OBRA | E39: (A) | F39: =F19+F27+F30+F38 -> 0
B40: AU (%) | C40: 0.15 | E40: (B) | F40: =F39*C40 -> 0
B41: IVA 19 % SOBRE UTILIDAD 5% | E41: (C) | F41: =(F39*5%)*19% -> 0
B42: VALOR OBRA | E42: (D) = (A+B+C) | F42: =F39+F40+F41 -> 0
